 Dungeon Crawl Stone Soup version 0.21-a0-221-gfe971b9 (webtiles) character file.

3118 tabinator the Cleaver (level 9, -8/85 HPs)
             Began as a Minotaur Fighter on Aug 27, 2017.
             Was a Believer of Trog.
             Mangled by a soldier ant (10 damage)
             ... on level 8 of the Dungeon.
             The game lasted 00:08:06 (6056 turns).

tabinator the Cleaver (Minotaur Fighter)            Turns: 6056, Time: 00:08:07

Health: -8/85      AC:  6    Str: 23    XL:     9   Next: 60%
Magic:  0/8        EV: 10    Int:  5    God:    Trog [**....]
Gold:   682        SH:  0    Dex: 13    Spells: 8/8 levels left

rFire    . . .     SeeInvis .   a - +1 war axe
rCold    + . .     Gourm    .   (no shield)
rNeg     . . .     Faith    .   b - +0 scale mail
rPois    .         Spirit   +   (helmet restricted)
rElec    .         Reflect  .   (no cloak)
rCorr    .         Harm     .   (no gloves)
MR       .....                  (no boots)
Stlth    ..........             w - amulet of guardian spirit
HPRegen  0.24/turn              D - ring of protection from cold
MPRegen  0.11/turn              m - +2 ring of strength

@: lethally poisoned (-8 -> -11), berserk cooldown, slowed, very slow
A: retaliatory headbutt, horns 2
a: Berserk, Trog's Hand, Burn Spellbooks, Renounce Religion


You were on level 8 of the Dungeon.
You worshipped Trog.
Trog was pleased with you.
You were hungry.

You visited 1 branch of the dungeon, and saw 8 of its levels.
You also visited: Ossuary.

You collected 682 gold pieces.

Inventory:

Hand Weapons
 a - a +1 war axe (weapon)
Missiles
 i - 3 throwing nets (quivered)
Armour
 b - a +0 scale mail (worn)
 c - a +0 shield
Jewellery
 m - a +2 ring of strength (right hand)
 n - an uncursed amulet of harm
 q - a -3 ring of dexterity
 w - an amulet of guardian spirit (around neck)
 B - an uncursed ring of fire
 C - a cursed amulet of inaccuracy {unknown}
 D - a ring of protection from cold (left hand)
 F - an uncursed amulet of magic regeneration {unknown}
 I - an uncursed amulet of magic regeneration {unknown}
Wands
 o - a wand of confusion (37/48)
 p - a wand of lightning (10/15)
 s - a wand of flame (20/48)
Scrolls
 e - 3 scrolls of fog
 g - a scroll of immolation
 k - 4 scrolls of remove curse
 l - 4 scrolls of identify
 v - 2 scrolls of enchant weapon
 y - 3 scrolls of teleportation
Potions
 d - 5 potions of might
 h - 2 potions of berserk rage
 j - a potion of mutation
 r - a potion of haste
 z - a potion of flight
 E - a potion of lignification {unknown}
 G - a potion of resistance {unknown}
 J - a potion of cancellation {unknown}
 N - a potion of heal wounds {unknown}
 O - 2 potions of curing
Books
 A - a book of Cantrips

   Spells                             Type                      Level
   a - Confusing Touch                Hexes                        1
   b - Animate Skeleton               Necromancy                   1
   c - Summon Small Mammal            Summoning                    1
   d - Apportation                    Translocation                1
   Trog disapproves of the use of such an item.
Comestibles
 f - 4 bread rations
 t - a fruit
 L - 2 royal jellies
 M - a meat ration


   Skills:
 + Level 9.8 Fighting
 * Level 13.0 Axes
 - Level 3.6 Armour
 - Level 0.2 Dodging
 - Level 3.6 Shields


You had 8 spell levels left.
You didn't know any spells.

Dungeon Overview and Level Annotations

Branches:
Dungeon (8/15)             Temple (0/1) D:7
   Lair: D:8-11

Altars:
Gozag
Hepliaklqana
Makhleb
Sif Muna
Trog
Vehumet
Zin

Annotations:
D:7 1 runed door
D:8 Psyche


Innate Abilities, Weirdness & Mutations

You reflexively headbutt those who attack you in melee.
You have a pair of horns on your head.


Message History

You slash the hornet!
You kill the hornet!
Trog accepts your kill.
Your Axes skill increases to level 13!
Unknown command.
You slash the soldier ant! You headbutt the soldier ant!!
The soldier ant is almost dead.
You feel sick. The soldier ant closely misses you.
You hit the soldier ant.
The soldier ant is almost dead.
You are no longer berserk.
You are exhausted.
You feel as though you will be slow longer.
* * * LOW HITPOINT WARNING * * *
You feel sick.
You hit the soldier ant. Your headbutt misses the soldier ant.
The soldier ant is almost dead.
* * * LOW HITPOINT WARNING * * *
You feel sick. The soldier ant stings you!
You die...

..
..###
## .#..
.. ..#
.#
#.##.#
##....#
#..#[.#
###.###
#@#.#
#.#a#
##.#.#
#a# ##
##


You could see a soldier ant.

Vanquished Creatures
  Pikel (D:6)
  3 hornets (D:8)
  2 sky beasts (D:5)
  An orc warrior (D:7)
  An ice beast (D:7)
  2 phantoms
  2 ogres (D:4)
  A centaur (D:7)
  An elf zombie (Ossuary)
  A bullfrog (D:7)
  A wyvern zombie (D:7)
  A water moccasin skeleton (D:6)
  7 orc wizards
  2 hounds
  2 human zombies (Ossuary)
  A jelly (D:6)
  3 orc priests
  A centaur skeleton (D:7)
  An iguana (D:7)
  7 worker ants
  3 big kobold zombies (Ossuary)
  A hound skeleton (D:8)
  2 mummies (Ossuary)
  A howler monkey zombie (D:7)
  4 worker ant zombies
  4 gnolls (D:4)
  6 adders
  A shadow imp (D:5)
  2 adder skeletons (D:4)
  8 dart slugs (D:3)
  A leopard gecko (D:2)
  21 orcs
  5 bats
  4 giant cockroaches
  3 gnoll zombies (Ossuary)
  7 goblins
  2 hobgoblins
  15 jackals
  2 quokkas
  4 ball pythons
  4 frilled lizards
  2 goblin zombies
  3 hobgoblin zombies (Ossuary)
  10 kobolds
  A leopard gecko skeleton (D:7)
  An orc zombie (Ossuary)
  A quokka skeleton (D:7)
  A rat (D:1)
  A rat zombie (D:7)
161 creatures vanquished.

Vanquished Creatures (others)
  A scorpion (D:6)
  An orc priest (D:6)
  A bullfrog skeleton (D:6)
  An orc wizard (D:6)
  An ooze (D:6)
  A hobgoblin (D:6)
  A jackal (D:6)
7 creatures vanquished.

Grand Total: 168 creatures vanquished

Notes
Turn   | Place    | Note
-------+----------+-------------------------------------------
     0 | D:1      | tabinator the Minotaur Fighter began the quest for the Orb.
     0 | D:1      | Reached XP level 1. HP: 19/19 MP: 0/0
    39 | D:1      | Reached skill level 3 in Axes
   147 | D:1      | Reached XP level 2. HP: 26/26 MP: 1/1
   817 | D:2      | Reached XP level 3. HP: 33/33 MP: 2/2
   954 | D:2      | Reached skill level 4 in Axes
  1009 | D:2      | You fall through a shaft!
  1506 | D:3      | Reached XP level 4. HP: 33/41 MP: 3/3
  1563 | D:3      | Found a bloodstained altar of Trog.
  1583 | D:3      | You fall through a shaft for 3 floors!
  1586 | D:6      | Reached skill level 5 in Axes
  1588 | D:6      | Reached XP level 5. HP: 44/47 MP: 4/4
  1590 | D:6      | Reached skill level 5 in Fighting
  1594 | D:6      | Noticed Pikel
  1595 | D:6      | Noticed a slave
  1596 | D:6      | Noticed a slave
  1608 | D:6      | Killed Pikel
  1608 | D:6      | Reached skill level 8 in Axes
  1608 | D:6      | Reached XP level 6. HP: 20/58 MP: 5/5
  1608 | D:6      | Reached XP level 7. HP: 22/64 MP: 6/6
  1991 | D:6      | Reached skill level 9 in Axes
  2135 | D:6      | Found a radiant altar of Vehumet.
  2320 | D:5      | Entered Level 5 of the Dungeon
  2593 | D:5      | Found a bloodstained altar of Trog.
  2831 | D:5      | Became a worshipper of Trog the Wrathful
  2873 | D:5      | Reached XP level 8. HP: 59/73 MP: 7/7
  3026 | D:4      | Reached skill level 10 in Axes
  3705 | D:4      | Reached * piety under Trog
  4105 | D:3      | Found a radiant altar of Vehumet.
  4275 | D:3      | Found a faded altar of an unknown god.
  4275 | D:3      | Found an opulent altar of Gozag.
  4280 | D:3      | Found a deep blue altar of Sif Muna.
  4282 | D:3      | Found a burning altar of Makhleb.
  4283 | D:3      | Found a hazy altar of Hepliaklqana.
  4880 | D:7      | Found a staircase to the Ecumenical Temple.
  4914 | D:7      | Reached skill level 11 in Axes
  4969 | D:7      | Found a sand-covered staircase.
  4978 | Ossuary  | Entered an ossuary
  5281 | D:7      | Reached ** piety under Trog
  5324 | D:7      | Reached XP level 9. HP: 74/82 MP: 6/8
  5484 | D:7      | Found a runed door.
  5484 | D:7      | Found a glowing silver altar of Zin.
  5484 | D:7      | Noticed an angel
  5495 | D:7      | Reached skill level 12 in Axes
  5995 | D:8      | Noticed Psyche
  6044 | D:8      | Paralysed by a hornet for 3 turns
  6050 | D:8      | HP: 6/126 [hornet (5)]
  6053 | D:8      | Reached skill level 13 in Axes
  6055 | D:8      | HP: 2/85 [poisoned by a hornet]
  6056 | D:8      | Mangled by a soldier ant

Vault maps used:
D:1:      erik_arrival_cave_to_civilisation
D:3:      kennysheep_slugbush, chequers_temple_overflow_minitemple,
          nicolae_overflow_crystal_walls, minmay_misc_feat_rugged,
          minmay_misc_feat_enclosed, lemuel_tele_altar
D:5:      first_bread, hex_tiny, corexii_hall_statues_t, bloody_trog
D:6:      vehumet_altar_wand_db, uniq_pikel
D:7:      minmay_temple_entry_overgrown, enter_ossuary_4, lemuel_angel_altar
D:8:      hangedman_pestilent_swarm, wad_mini_maze, uniq_psyche
Ossuary:  minmay_ossuary_gauntlet

Skill      XL: |  1  2  3  4  5  6  7  8  9 |
---------------+----------------------------+-----
Axes           | 3 4 5 8 9 11 13 | 13.0
Fighting       | 4 6 7 8 9 |  9.8
Armour         | |  3.6
Dodging        | |  0.2
Shields        | |  3.6

Action                   |  1- 3 |  4- 6 |  7- 9 || total
-------------------------+-------+-------+-------++-------
Melee: War axe           |   109 |    28 |   268 ||   405
       Headbutt          |    13 |     3 |    54 ||    70
Invok: Berserk           |       |       |     2 ||     2
  Use: Potion            |     2 |       |       ||     2
       Scroll            |       |       |    15 ||    15
  Eat: Chunk             |     1 |     1 |     6 ||     8
       Bread ration      |       |       |     1 ||     1
       Meat ration       |       |       |     1 ||     1
Armor: Scale mail        |    69 |    20 |    83 ||   172
Dodge: Dodged            |    67 |    27 |   121 ||   215

Table legend:
 A = Spawn XP
 B = Non-spawn XP
 C = Spawn XP percentage of total XP
 D = Spawn monster count
 E = Non-spawn monster count
 F = Spawn count percentage of total count
 G = Total turns spent on level
                    A         B        C        D         E        F      G
               +---------+---------+-------+---------+---------+-------+---------
         Total |      83 |    4372 |   1.9 |      13 |     148 |   8.1 |  6056
               +---------+---------+-------+---------+---------+-------+---------
           D:1 |       3 |      37 |   7.5 |       2 |      23 |   8.0 |   808
           D:2 |       0 |      11 |   0.0 |       0 |       6 |   0.0 |   201
           D:3 |      28 |     129 |  17.8 |       7 |      22 |  24.1 |  1380
           D:4 |      49 |     502 |   8.9 |       3 |      19 |  13.6 |  1032
           D:5 |       0 |     369 |   0.0 |       0 |       8 |   0.0 |   676
           D:6 |       0 |    1121 |   0.0 |       0 |      19 |   0.0 |   752
           D:7 |       3 |    1041 |   0.3 |       1 |      31 |   3.1 |   816
           D:8 |       0 |     866 |   0.0 |       0 |       4 |   0.0 |    89
       Ossuary |       0 |     296 |   0.0 |       0 |      16 |   0.0 |   302
               +---------+---------+-------+---------+---------+-------+---------
